 Dungeon Crawl Stone Soup version 0.31.0-11-ge490571c62 (webtiles) character file.

Game seed: 3175056561701040037

73 qw the Shooter (level 4, 0/22 HPs)
             Began as a Spriggan Hunter on Feb 3, 2024.
             Slain by Pargi (2 damage)
             ... on level 3 of the Dungeon.
             The game lasted 00:00:05 (1446 turns).

qw the Shooter (Spriggan Hunter)                    Turns: 1446, Time: 00:00:06

Health: 0/22       AC:  4    Str:  7    XL:     4   Next: 8%
Magic:  5/5        EV: 19    Int: 10    God:
Gold:   137        SH:  0    Dex: 20    Spells: 3/3 levels left

rFire   . . .        a - +0 shortbow
rCold   . . .        (shield currently unavailable)
rNeg    + . .        c - +0 robe
rPois   .            k - +2 hat
rElec   .            (no cloak)
rCorr   .            (gloves unavailable)
SInv    +            (boots unavailable)
Will    .....        (no amulet)
Stlth   ++           e - ring of positive energy
HPRegen 0.23/turn    (no ring)
MPRegen 0.09/turn

%: no passive effects
@: about to teleport, very quick
A: very small, no large weapons, unfitting armour, see invisible, speed 3
a: no special abilities


You were on level 3 of the Dungeon.
You visited 1 branch of the dungeon, and saw 3 of its levels.

You collected 137 gold pieces.


Innate Abilities, Weirdness & Mutations

You are very small and have problems with some larger weapons.
You are too small for most types of armour.
You have supernaturally acute eyesight. (SInv)
You cover ground extremely quickly. (Speed+++)


   Skills:
 - Level 1.5 Fighting
 - Level 5.0 Ranged Weapons
 + Level 4.3 Dodging
 - Level 1.5 Stealth


You had 3 spell levels left.
You didn't know any spells.
Your spell library was empty.

Inventory:

Hand Weapons
 a - a +0 shortbow (weapon)
Armour
 c - a +0 robe (worn)
 k - a +2 hat (worn)
Jewellery
 e - a ring of positive energy (left hand)
Potions
 d - a potion of haste {unknown}
 f - a potion of enlightenment {unknown}
 h - a potion of heal wounds
 j - a potion of curing
 l - a potion of lignification {unknown}

Dungeon Overview and Level Annotations

Branches:
Dungeon (3/15)

Altars:

Annotations:
D:3 Pargi


Message History

You shoot an arrow. The arrow barely misses Pargi.
Pargi barely misses you. x2; Pargi claws you.
You shoot an arrow. The arrow barely misses Pargi.
Pargi misses you. Pargi barely misses you. Pargi closely misses you.
You shoot an arrow. The arrow hits Pargi!
Pargi is moderately wounded.
Pargi closely misses you. Pargi misses you. Pargi closely misses you.
You shoot an arrow. The arrow closely misses Pargi.
Pargi misses you. Pargi barely misses you. Pargi claws you.
You shoot an arrow. The arrow hits Pargi!
Pargi is heavily wounded.
Pargi closely misses you. Pargi completely misses you.
Pargi closely misses you.
You shoot an arrow. The arrow closely misses Pargi.
Pargi bites you! Pargi misses you. Pargi claws you but does no damage.
Pargi barely misses you. Pargi completely misses you. Pargi barely misses you.
You shoot an arrow. The arrow hits Pargi!
Pargi is severely wounded.
Pargi completely misses you. Pargi barely misses you. x2
You shoot an arrow. The arrow closely misses Pargi.
Pargi bites you. Pargi closely misses you. Pargi completely misses you.
You shoot an arrow. The arrow closely misses Pargi.
Pargi closely misses you. Pargi barely misses you.
Pargi claws you but does no damage.
You shoot an arrow. The arrow hits Pargi!
Pargi is severely wounded.
Pargi clenches his claws.
Pargi closely misses you. x2; Pargi claws you.
You shoot an arrow.
The arrow hits Pargi but does no damage.
Pargi is severely wounded.
Pargi bites you but does no damage. Pargi misses you. Pargi barely misses you.
You shoot an arrow. The arrow hits Pargi.
Pargi is almost dead.
Pargi pleads, "Don't hit me!"
Pargi bites you. Pargi barely misses you. Pargi claws you.
1446 ||| READING scroll of teleportation.
As you read the scroll of teleportation, it crumbles to dust.
You feel strangely unstable. Pargi misses you. Pargi claws you. x2
You die...

..# #.# #.#
#.# #.# #.#
#T#
#@############
#............#
############.#
#.#####
#......
#######


You could see Pargi.

Vanquished Creatures
  3 adders (D:2)
  4 dart slugs
  A ribbon worm (D:2)
  6 ball pythons
  A bat (D:2)
  2 endoplasms (D:1)
  A giant cockroach (D:1)
  4 goblins
  5 hobgoblins
  A quokka (D:2)
  A frilled lizard (D:1)
  3 kobolds (D:1)
  5 rats
37 creatures vanquished.

Notes
Turn   | Place    | Note
-------+----------+-------------------------------------------
     0 | D:1      | qw the Spriggan Hunter began the quest for the Orb.
     0 | D:1      | Reached XP level 1. HP: 10/10 MP: 2/2
     0 | D:1      | 0 ||| qw: Version: 0.3-a-155-g5e7d8dd
     0 | D:1      | 0 ||| qw: Game counter: 3202
     0 | D:1      | 0 ||| qw: Melee chars always use a shield: true
     0 | D:1      | 0 ||| qw: God list: Okawaru
     0 | D:1      | 0 ||| qw: Allow faded altars: false
     0 | D:1      | 0 ||| qw: Do Orc after clearing Dungeon:15 true
     0 | D:1      | 0 ||| qw: Do second Lair branch before Depths: true
     0 | D:1      | 0 ||| qw: Lair rune preference: random
     0 | D:1      | 0 ||| qw: Goals: Normal
     0 | D:1      | 0 ||| PLANNING D:1-11
    49 | D:1      | Reached skill level 3 in Dodging
    86 | D:1      | Reached XP level 2. HP: 14/14 MP: 3/3
   451 | D:1      | Reached XP level 3. HP: 18/18 MP: 4/4
   629 | D:1      | 629 ||| UPGRADING to +2 hat.
   634 | D:1      | 634 ||| UPGRADING to ring of positive energy.
   635 | D:1      | 635 ||| READING scroll labelled XOEKIL FOT.
   635 | D:1      | 635 ||| ENCHANTING +0 shortbow.
   636 | D:1      | 636 ||| READING scroll labelled DITITO VORI.
   637 | D:1      | 637 ||| READING scroll labelled XIXISI WOTHUO.
   638 | D:1      | 638 ||| READING scroll labelled VIDDOO ZADALU.
   641 | D:1      | 641 ||| DRINKING 2 red potions.
   642 | D:1      | 642 ||| DROPPING scroll of butterflies.
  1188 | D:2      | Reached skill level 5 in Ranged Weapons
  1206 | D:2      | Reached XP level 4. HP: 22/22 MP: 5/5
  1363 | D:2      | 1363 ||| READING scroll labelled GOIS YNUROESO.
  1364 | D:2      | 1364 ||| READING scroll labelled KAJ OXYCOCIQY.
  1365 | D:2      | 1365 ||| DRINKING 2 fizzy purple potions.
  1425 | D:3      | Noticed Pargi
  1445 | D:3      | HP: 5/22 [Pargi (2)]
  1446 | D:3      | 1446 ||| READING scroll of teleportation.
  1446 | D:3      | HP: 2/22 [Pargi (3)]
  1446 | D:3      | Slain by Pargi

Levels and vault maps discovered:
D:1:      dpeg_arrival_more_subterranean_lakeside_camping, layout_basic,
          serial_forest, infiniplex_forest_clump_double,
          infiniplex_forest_corner_2, infiniplex_forest_clump_diagonal,
          infiniplex_forest_clump_diagonal, infiniplex_forest_corner_2,
          infiniplex_forest_end_double, infiniplex_forest_corner_1,
          infiniplex_forest_clump_small
D:2:      layout_basic
D:3:      layout_loops_ring, nicolae_dithmenos_the_darkroom,
          uniq_crazy_yiuf_cottage, uniq_pargi, uniq_natasha

Skill      XL: |  1  2  3 |
---------------+----------+-----
Dodging        | 3 4 |  4.3
Ranged Weapons | 5 |  5.0
Fighting       | |  1.5
Stealth        | |  1.5

Action                     |  1- 3 |  4- 6 || total
---------------------------+-------+-------++-------
   Fire: Shortbow          |   100 |    28 ||   128
    Use: Scroll            |     4 |     3 ||     7
         Potion            |     1 |     1 ||     2
 Armour: Robe              |     2 |    14 ||    16
  Dodge: Dodged            |    18 |    42 ||    60

Table legend:
 A = Non-vault XP
 B = Vault XP
 C = Vault XP percentage of total XP
 D = Non-vault monster count
 E = Vault monster count
 F = Vault count percentage of total count
                 A         B        C        D         E       F
            +---------+---------+-------+---------+---------+-------
      Total |     105 |       0 |   0.0 |      37 |       0 |   0.0
            +---------+---------+-------+---------+---------+-------
        D:1 |      44 |       0 |   0.0 |      23 |       0 |   0.0
        D:2 |      60 |       0 |   0.0 |      13 |       0 |   0.0
        D:3 |       1 |       0 |   0.0 |       1 |       0 |   0.0
            +---------+---------+-------+---------+---------+-------
